AoeStats
← RoR | Vodka_L_2

Arabia

510518680Analyzed
1v1 RM · 1d ago on Oct 1, 2026· 20m 35s· 2 players
Game mode
Random Map
Map size
Tiny (2 player)
Population
200
Speed
Normal
Resources
Standard
Victory
Conquest
Starting age
Dark Age
Ending age
Imperial Age
RankedLock teamsTeams togetherTeam positionsShared explorationLock speedFull tech treeHidden civsTurbo modeCheats
Victory
Defeat
🇮🇹 Mapuche · Italy
2518
+2
🇵🇱 Khmer · Poland
2079
-2
RoR | Vodka_L_2
6:51 Loom
9:15 Feudal Age
10:13 Double-Bit Axe
10:51 Horse Collar
15:02 Fletching
19:33 Castle Age
18:08 Padded Archer Armor
20:12 Bodkin Arrow
sane
5:29 Loom
7:50 Feudal Age
8:27 Double-Bit Axe
18:00 Castle Age
16:19 Fletching
20:07 Bow Saw
Connection lost

Rejoining the realm…

Still unreachable

The connection could not be restored.

Session expired

The server has moved on; the page needs a fresh start.